 Dungeon Crawl Stone Soup version bcrawl-1.12-5-g74a5124548 (webtiles) character file.

Game seed: 8992937581605268406

28 MisterOstroum the Sneak (level 3, 29/29 HPs)
             Began as a Demonspawn Archaeologist on June 1, 2019.
             Quit the game on level 1 of the Dungeon.
             The game lasted 00:03:01 (1095 turns).

MisterOstroum the Sneak (Demonspawn Archaeologist)  Turns: 1095, Time: 00:03:01

Health: 29/29      AC:  8    Str: 12    XL:     3   Next: 0%
Magic:  3/3        EV: 12    Int: 15    God:
Gold:   64         SH:  4    Dex: 11    Spells: 2/2 levels left

rFire    . . .     SeeInvis .   o - +0 hand axe
rCold    . . .     Gourm    .   (no shield)
rNeg     . . .     Faith    .   a - +1 robe
rPois    .         Spirit   .   b - +1 hat
rElec    .         Reflect  .   (no cloak)
rCorr    .         Harm     .   d - +1 pair of gloves
MR       .....                  c - +1 pair of boots
Stlth    ++........             (no amulet)
HPRegen  0.09/turn              (no ring)
MPRegen  0.08/turn              (no ring)

@: studying Armour
A: large bone plates 1
a: no special abilities


You were on level 1 of the Dungeon.
You were not hungry.

You visited 1 branch of the dungeon, and saw 1 of its levels.

You collected 64 gold pieces.

Inventory:

Hand Weapons
 m - a +0 dagger of venom
 o - a +0 hand axe (weapon)
Missiles
 h - 192 stones (quivered)
 n - 124 poisoned needles
Armour
 a - a +1 robe (worn)
 b - a +1 hat (worn)
 c - a +1 pair of boots (worn)
 d - a +1 pair of gloves (worn)
Scrolls
 i - a scroll of remove curse {unknown}
 j - a scroll of identify {unknown}
 k - 5 scrolls of teleportation {unknown}
 l - a scroll of enchant weapon {unknown}
 r - a scroll of amnesia {unknown}
Potions
 p - a potion of agility {unknown}
 s - 2 potions of ambrosia {unknown}
Books
 g - a manual of Armour
Miscellaneous
 f - an ancient crate
Comestibles
 e - 4 rations {!d}
 q - 6 chunks of flesh


   Skills:
 + Level 3.0 Fighting
 + Level 0.0 Armour
 - Level 2.6 Dodging
 - Level 3.0 Stealth


You had 2 spell levels left.
You didn't know any spells.
Your spell library was empty.

Dungeon Overview and Level Annotations

Branches:
Dungeon (1/12)

Altars:


Innate Abilities, Weirdness & Mutations

You are partially covered in large bone plates. (SH +4)


Message History

A giant cockroach is nearby!
A giant cockroach is nearby!
Throwing (i - inventory)
h - 197 stones (quivered)
Press: ? - help, Shift-Dir - straight line, f - giant cockroach
Aim: a giant cockroach (clinging, resting)
You throw a stone.
The stone hits the giant cockroach but does no damage.
Throwing (i - inventory)
h - 196 stones (quivered)
Press: ? - help, Shift-Dir - straight line, f/p - giant cockroach
Aim: a giant cockroach (clinging)
You throw a stone.
The stone hits the giant cockroach but does no damage.
Throwing (i - inventory)
h - 195 stones (quivered)
Press: ? - help, Shift-Dir - straight line, f/p - giant cockroach
Aim: a giant cockroach (clinging)
You throw a stone.
The stone closely misses the giant cockroach.
You closely miss the giant cockroach. The giant cockroach barely misses you.
You hit the giant cockroach but do no damage.
The giant cockroach barely misses you. You block the giant cockroach's attack.
You closely miss the giant cockroach. The giant cockroach barely misses you.
The giant cockroach waves its antennae.
The giant cockroach bites you.
You barely miss the giant cockroach.
The giant cockroach bites you but does no damage.
You closely miss the giant cockroach. You block the giant cockroach's attack.
The giant cockroach bites you.
You barely miss the giant cockroach.
The giant cockroach bites you but does no damage.
You hit the giant cockroach.
The giant cockroach is heavily wounded.
The giant cockroach misses you.
The giant cockroach bites you but does no damage.
You hit the giant cockroach.
You kill the giant cockroach!
Your Fighting skill increases to level 3!
No target in view!
No target in view!
No target in view!
No target in view!
No target in view!
No target in view!
No target in view!
No target in view!
No target in view!
No target in view!
No target in view!
No target in view!
No target in view!
No target in view!
No target in view!
No target in view!
No target in view!
No target in view!
No target in view!
No target in view!
No target in view!
You butcher the hobgoblin corpse.
q - 7 chunks of flesh (gained 2)
Things that are here:
a +0 club; a hobgoblin skeleton
Things that are here:
a +0 club; a hobgoblin skeleton Some of the chunks of flesh in your inventory have rotted away.
You butcher the giant cockroach corpse.
q - 6 chunks of flesh (gained 1)
Things that are here:
a +0 club; a hobgoblin skeleton A goblin comes into view.
A goblin is nearby!
A goblin is nearby!
A goblin is nearby!
A goblin is nearby!
Throwing (i - inventory)
h - 194 stones (quivered)
Press: ? - help, Shift-Dir - straight line, f - goblin
Aim: a goblin (resting)
You throw a stone. The stone hits the goblin.
The goblin shouts!
The goblin is severely wounded.
Throwing (i - inventory)
h - 193 stones (quivered)
Press: ? - help, Shift-Dir - straight line, f/p - goblin
Aim: a goblin (severely wounded)
You throw a stone.
The stone hits the goblin but does no damage.
The goblin is severely wounded.
You completely miss the goblin.
The goblin is severely wounded.
The goblin hits you but does no damage.
You hit the goblin.
You kill the goblin!
You have reached level 3!
Your experience leads to an increase in your attributes!
Increase (S)trength, (I)ntelligence, or (D)exterity?
You feel stronger.
You have an epiphany!
The dusty tome is a manual of Armour!
Reading it may be key to unlocking the crate...
Search for what [? for help]?
Okay, then.
Quiver which item? (- for none, * to show all) (? for menu, Esc to quit)
Okay, then.
Are you sure you want to abandon this character and quit the game? (Confirm with "yes".)

## #. #.#####.#
#.#.....# #†#.#####.#
#.@.......# ###
###.###.####### #..
........).....# #.#
#######.#####.# #.#
#.....#
#######.#############.#
......................#
#.#####.#####.#####...#
...###...###...###....#


There were no monsters in sight!

Vanquished Creatures
  A worm (D:1)
  3 giant cockroaches (D:1)
  4 goblins (D:1)
  5 hobgoblins (D:1)
  5 kobolds (D:1)
  3 bats (D:1)
  2 frilled lizards (D:1)
23 creatures vanquished.

Notes
Turn   | Place    | Note
-------+----------+-------------------------------------------
     0 | D:1      | MisterOstroum the Demonspawn Archaeologist began the quest
                  | for the Orb.
     0 | D:1      | Reached XP level 1. HP: 15/15 MP: 1/1
   382 | D:1      | Gained mutation: You are partially covered in large bone
                  | plates. (SH +4) [demonic ancestry]
   382 | D:1      | Reached XP level 2. HP: 13/22 MP: 2/2
  1094 | D:1      | Reached XP level 3. HP: 29/29 MP: 3/3
  1095 | D:1      | Quit the game

Skill      XL: |  1  2 |
---------------+-------+-----
Fighting       | 2 3 |  3.0
Dodging        | |  2.6
Stealth        | |  3.0

Action                   || total
-------------------------++-------
Melee: Unarmed           ||    53
       Dagger            ||    15
       Hand axe          ||    46
Throw: Stone             ||    52
  Eat: Chunk             ||     1
Armor: Robe              ||    39
Dodge: Dodged            ||    69
Block: Other             ||    10
